 Dungeon Crawl Stone Soup version 0.29-a0-284-gf9362112df (webtiles) character file.

Game seed: 9723620037840382411

303 sokol815 the Skirmisher (level 6, -9/44 HPs)
             Began as a Gargoyle Delver on Mar 25, 2022.
             Was a Follower of Qazlal.
             Mangled by Duvessa
             ... wielding a +0 short sword
              (16 damage)
             ... on level 4 of the Dungeon.
             The game lasted 00:07:15 (2916 turns).

sokol815 the Skirmisher (Gargoyle Delver)           Turns: 2916, Time: 00:07:16

Health: -9/44      AC: 14    Str: 15    XL:     6   Next: 38%
Magic:  6/6        EV:  4    Int: 13    God:    Qazlal [*.....]
Gold:   243        SH:  2    Dex: 11    Spells: 5/5 levels left

rFire   . . .      SeeInvis .   k - +2 short sword (elec)
rCold   . . .      Faith    .   (no shield)
rNeg    + . .      Spirit   .   m - +0 plate armour
rPois   ∞          Reflect  .   (no helmet)
rElec   +          Harm     .   (no cloak)
rCorr   +          Rampage  .   (no gloves)
Will    .....                   (no boots)
Stlth   ..........              (no amulet)
HPRegen 0.14/turn               X - ring of resist corrosion
MPRegen 0.10/turn               (no ring)

@: hasted, very quick
A: sickness immunity, AC +4, negative energy resistance 1, electricity
resistance, torment resistance 1, petrification resistance
a: Renounce Religion


You were on level 4 of the Dungeon.
You worshipped Qazlal.
Qazlal was aware of your devotion.
You visited 1 branch of the dungeon, and saw 5 of its levels.

You collected 243 gold pieces.

Inventory:

Hand Weapons
 a - a +0 hand axe
 g - a +3 dagger
   (You found it on level 2 of the Dungeon)
 k - a +2 short sword of electrocution (weapon)
   (You took it off a kobold on level 3 of the Dungeon)
 n - a +0 vorpal hand axe
   (You found it on level 3 of the Dungeon)
Missiles
 h - 5 boomerangs
 j - 9 poisoned darts
 s - 72 stones
Armour
 b - a +0 leather armour
 f - a +0 ring mail
   (You found it on level 5 of the Dungeon)
 i - a +0 scale mail
   (You found it on level 1 of the Dungeon)
 m - a +0 plate armour (worn)
   (You found it on level 3 of the Dungeon)
Jewellery
 X - a ring of resist corrosion (left hand)
   (You found it on level 4 of the Dungeon)
Wands
 d - a wand of digging (3)
Scrolls
 c - a scroll of fog
 e - a scroll of brand weapon
 o - a scroll of magic mapping {@r4!r}
 E - a scroll of fear
 Y - 2 scrolls of teleportation {@r3}
Potions
 J - 2 potions of curing {@q1}


   Skills:
 * Level 7.1 Fighting
 - Level 2.8 Axes
 - Level 1.5 Dodging
 - Level 5.4 Stealth


You had 5 spell levels left.
You didn't know any spells.
Your spell library was empty.

Dungeon Overview and Level Annotations

Branches:
Dungeon (5/15)
 Temple: D:4-7

Altars:
Qazlal
Sif Muna

Annotations:
D:2 Robin, Sigmund
D:4 Duvessa


Innate Abilities, Weirdness & Mutations

You are immune to sickness and miasma.
Your stone body is resilient. (AC +4)
You are immune to poison.
You resist negative energy. (rN+)
You are resistant to electric shocks. (rElec)
You are resistant to unholy torment.
You are immune to petrification.


Message History

You barely miss the kobold. The kobold barely misses you.
The kobold hits you but does no damage.
You hit the kobold.
You kill the kobold!
Qazlal accepts your kill.
No target in view!
No target in view!
s - 59 stones (gained 3)
You see here a +0 club.
A goblin comes into view. It is wielding a +0 club.
The goblin shouts!
You closely miss the goblin. The goblin hits you but does no damage.
You closely miss the goblin. The goblin hits you but does no damage.
You hit the goblin. The goblin hits you but does no damage.
You hit the goblin. The goblin hits you but does no damage.
You closely miss the goblin. The goblin completely misses you.
You barely miss the goblin. The goblin hits you but does no damage.
You completely miss the goblin. The goblin hits you but does no damage.
You hit the goblin.
You kill the goblin!
Qazlal accepts your kill.
No target in view!
h - 5 boomerangs (gained 4)
Found a stone staircase leading down.
You now have 243 gold pieces (gained 12).
There is a stone staircase leading down here.
s - 72 stones (gained 13)
There is a stone staircase leading down here.
You see here a +0 robe.
Dowan, Brother of Duvessa comes into view.
He is wielding a +0 dagger.
Found Sif Muna's Grimoire of Confrontation.
Found a shimmering blue altar of Sif Muna.
Dowan shouts!
You hear a shout!
There is a stone staircase leading up here.
Dowan hits you with a +0 dagger.
You climb upwards.
There is a stone staircase leading down here.
You take 4 damage, and have 38/42 hp.
You start resting.
Health restored: 42 You climb downwards.
Level annotation: Dowan Dowan hits you but does no damage.
There is a stone staircase leading up here.
You hit Dowan. Lightning courses through Dowan!
Dowan hits you but does no damage.
You barely miss Dowan. Dowan hits you but does no damage.
You hit Dowan. Dowan hits you with a +0 dagger.
You take 4 damage, and have 38/42 hp.
You closely miss Dowan. Dowan completely misses you.
You hit Dowan but do no damage. Dowan hits you but does no damage.
You hit Dowan. Dowan hits you with a +0 dagger.
Dowan hits you but does no damage.
You take 4 damage, and have 35/42 hp.
You hit Dowan.
You kill Dowan!
Qazlal accepts your kill.
You hear a distant scream of rage.
Your Fighting skill increases to level 7!
You regained 2 hp, and now have 37/44 hp.
No target in view!
You climb upwards.
There is a stone staircase leading down here.
You start resting.
Health restored: 44 You climb downwards.
There is a stone staircase leading up here.
Things that are here:
a +0 robe; a +0 dagger; the elf corpse of Dowan Duvessa, Sister of Dowan comes into view.
She is wielding a +0 short sword.
Duvessa goes berserk!
You closely miss Duvessa. Duvessa hits you with a +0 short sword!
You take 12 damage, and have 32/44 hp.
MASSIVE DAMAGE!!
You hit Duvessa. Lightning courses through Duvessa!!
Duvessa completely misses you. Duvessa hits you with a +0 short sword!
You take 15 damage, and have 17/44 hp.
MASSIVE DAMAGE!!
You hit Duvessa but do no damage. Duvessa hits you with a +0 short sword.
* * * LOW HITPOINT WARNING * * *
Duvessa hits you with a +0 short sword.
* * * LOW HITPOINT WARNING * * *
You take 7 damage, and have 10/44 hp.
You closely miss Duvessa. Duvessa hits you with a +0 short sword.
* * * LOW HITPOINT WARNING * * *
You take 5 damage, and have 5/44 hp.
You feel much better. You block Duvessa's attack. Duvessa barely misses you.
You regained 18 hp, and now have 23/44 hp.
You feel yourself speed up.
Duvessa is struck by lightning.
Duvessa hits you with a +0 short sword.
You take 4 damage, and have 19/44 hp.
Duvessa attacks as you move away! Duvessa barely misses you.
You hit Duvessa but do no damage. Duvessa barely misses you.
You closely miss Duvessa. Duvessa hits you with a +0 short sword.
Duvessa hits you with a +0 short sword!
* * * LOW HITPOINT WARNING * * *
You take 13 damage, and have 7/44 hp.
MASSIVE DAMAGE!!
Duvessa attacks as you move away! Duvessa hits you with a +0 short sword!
You die...

....# .####.. . #....##
...#.. .### #..#...
#....##.... ..##...
#....)...# ..#...
#.......# #.....#
#......## #.#####
##.......## ## ...##
###.........## ..#
....###.........@e.###..
...###..........#...#∩#
...###....##....##...##
..........#.....###...#
.....>.#..........##....#
......##...#.....## #.:_#
..[........##...## #..#
.........#..#[### ###
.........#....<##


You could see Duvessa (berserk).

Vanquished Creatures
  A black bear (D:4)
  A bullfrog (D:3)
  Dowan (D:4)
  A hound (D:4)
  An ufetubus (D:2)
  2 worms
  2 orcs
  4 ball pythons
  4 endoplasms
  2 giant cockroaches (D:1)
  8 goblins
  9 hobgoblins
  3 quokkas
  5 bats
  4 frilled lizards
  6 kobolds
  5 rats
59 creatures vanquished.

Vanquished Creatures (others)
  8 plants (D:2)
8 creatures vanquished.

Grand Total: 67 creatures vanquished

Notes
Turn   | Place    | Note
-------+----------+-------------------------------------------
     0 | D:5      | sokol815 the Gargoyle Delver began the quest for the Orb.
     0 | D:5      | Reached XP level 1. HP: 14/14 MP: 1/1
    88 | D:2      | Noticed Robin
   401 | D:1      | Reached skill level 2 in Axes
   401 | D:1      | Reached XP level 2. HP: 20/20 MP: 2/2
   767 | D:1      | Reached skill level 4 in Fighting
   851 | D:1      | Found a faded altar of an unknown god.
   865 | D:1      | Prayed at the altar of an unknown god.
   865 | D:1      | Became a worshipper of Qazlal Stormbringer
   865 | D:1      | Reached * piety under Qazlal
   891 | D:1      | Reached XP level 3. HP: 19/24 MP: 3/3
  1155 | D:2      | Noticed Sigmund
  1250 | D:3      | Noticed a bullfrog
  1268 | D:3      | Killed a bullfrog
  1269 | D:3      | Reached skill level 5 in Fighting
  1269 | D:3      | Reached XP level 4. HP: 14/31 MP: 4/4
  2135 | D:2      | Reached XP level 5. HP: 32/35 MP: 5/5
  2238 | D:4      | Noticed a black bear
  2250 | D:4      | Killed a black bear
  2251 | D:4      | Reached skill level 6 in Fighting
  2464 | D:4      | Reached XP level 6. HP: 36/42 MP: 6/6
  2791 | D:4      | Found a shimmering blue altar of Sif Muna.
  2791 | D:4      | Noticed Dowan
  2843 | D:4      | Killed Dowan
  2844 | D:4      | Reached skill level 7 in Fighting
  2904 | D:4      | Noticed Duvessa
  2907 | D:4      | HP: 11/44 [Duvessa/+0 short sword (6)]
  2908 | D:4      | HP: 5/44 [Duvessa/+0 short sword (5)]
  2915 | D:4      | HP: 7/44 [Duvessa/+0 short sword (11)]
  2916 | D:4      | Mangled by Duvessa

Illustrated notes

Levels and vault maps discovered:
D:1:      scummos_arrival_hexagon, layout_rooms,
          chequers_ecumenical_altar_simple
D:2:      layout_basic, chequers_big_river, minmay_diced_spiral, uniq_robin,
          uniq_sigmund
D:3:      minmay_diamond_boxcup, layout_rooms
D:4:      layout_cave_pools, nzn_overflow_gifts_of_might_and_magic
D:5:      layout_gridville, minmay_temple_entry_stoned_glass, uniq_duvessa,
          uniq_grinder

Skill      XL: |  1  2  3  4  5  6 |
---------------+-------------------+-----
Axes           | 2 |  2.8
Fighting       | 4 5 6 7 |  7.1
Dodging        | |  1.5
Stealth        | |  5.4

Action                   |  1- 3 |  4- 6 || total
-------------------------+-------+-------++-------
Melee: Hand axe          |    86 |    38 ||   124
       Short sword       |       |   105 ||   105
       Punch             |       |     1 ||     1
Throw: Stone             |     2 |       ||     2
  Use: Potion            |     1 |     2 ||     3
       Scroll            |       |     5 ||     5
 Stab: Sleeping          |     2 |       ||     2
Armor: Ring mail         |    30 |       ||    30
       Scale mail        |    25 |       ||    25
       Plate armour      |    16 |    94 ||   110
Dodge: Dodged            |    68 |    28 ||    96
Block: Other             |     1 |     7 ||     8

Table legend: (Time is in decaauts)
 A = Elapsed time spent in this place.
 B = Non-inter-level travel time spent in this place.
 C = Inter-level travel time spent in this place.
 D = Time resting spent in this place.
 E = Time spent auto-exploring this place.
 F = Levels seen in this place.
 G = Mean time per level.
                   A        B        C        D        E       F      G
               +--------+--------+--------+--------+--------+-----+--------+
         Total |   2933 |   2870 |     63 |    381 |   1811 |   5 |  586.6 |
       Dungeon |   2933 |   2870 |     63 |    381 |   1811 |   5 |  586.6 |
               +--------+--------+--------+--------+--------+-----+--------+

Top non-repeatable levels by time:
     D:3: 967 daAuts
     D:1: 764 daAuts
     D:4: 644 daAuts
     D:2: 504 daAuts
     D:5: 52 daAuts

Table legend:
 A = Kills in this place as a percentage of kills in entire the game.
 B = Kills by you in this place as a percentage of kills by you in the entire game.
 C = Kills by friends in this place as a percentage of kills by friends in the entire game.
 D = Other kills in this place as a percentage of other kills in the entire game.
 E = Experience gained in this place as a percentage of experience gained in the entire game.
 F = Experience gained in this place divided by the number of levels of this place that you have seen.
                   A       B       C       D       E      F
               +-------+-------+-------+-------+-------+----------------------
         Total | 100.0 | 100.0 |   N/A |   N/A | 100.0 |  86.6
       Dungeon | 100.0 | 100.0 |   N/A |   N/A | 100.0 |  86.6
               +-------+-------+-------+-------+-------+----------------------
